Cogmind - Beta 16.1 @@@ ROGUE MODE // 2026.02.23 @ 03:46:46 Player: Scared Dad Result: Destroyed by D4-OSA(R) with Subdweller Beam Cannon Performance ------------- Evolutions (0) 0 Regions Visited (2) 400 Robots Destroyed (22) 110 Value Destroyed (570) 570 Prototype IDs (0) 0 Alien Tech Used (0) 0 Bonus (0) 0 TOTAL SCORE: 1080 Bonus ------- None Cogmind --------- Core Integrity 0/250 Matter 283/300 Energy 200/200 System Corruption 2% Temperature Cool (9) Movement Rolling (110) Location -10/Subcaves Parts ------- > --- POWER (1) -------- Subdweller Power Source > --- PROPULSION (2) --- Subdweller Monowheel Subdweller Monowheel > --- UTILITY (2) ------ Small Storage Unit Makeshift Light Armor Plating > --- WEAPON (2) ------- Riot Gun Subdweller Machine Gun > --- INVENTORY (8) ---- Ion Engine Subdweller Power Source Light Treads Light Treads Subdweller Optics Sensor Array Subdweller Laser Peak State ------------ > --- POWER ------------ Subdweller Power Source > --- PROPULSION ------- Subdweller Monowheel Subdweller Monowheel > --- UTILITY ---------- Small Storage Unit Makeshift Light Armor Plating > --- WEAPON ----------- Riot Gun Subdweller Machine Gun > --- INVENTORY -------- Ion Engine Subdweller Power Source Light Treads Light Treads Subdweller Optics Sensor Array Subdweller Laser [Rating: 17] Favorites ----------- Power Ion Engine Engine Ion Engine Propulsion Light Treads Treads Light Treads Wheel Wheel Utility Small Storage Unit Device Improved Heat Sink Storage Small Storage Unit Protection Makeshift Light Armor Plating Weapon Light Assault Rifle Energy Gun Small Laser Ballistic Gun Light Assault Rifle Build | -11 -10 -10 ------- Run | Yrd Mat Sub Slots Evolved . | . . . Power . | . . . Propulsion . | . . . Utility . | . . . Weapon . | . . . Parts Attached 23 | 6 11 6 Power 5 | 1 3 1 Engine 5 | 1 3 1 Core . | . . . Reactor . | . . . Propulsion 7 | 2 3 2 Treads 2 | . 2 . Leg . | . . . Wheel 5 | 2 1 2 Hover . | . . . Flight . | . . . Utility 3 | 1 1 1 Device 1 | . 1 . Storage 1 | 1 . . Processor . | . . . Hackware . | . . . Protection 1 | . . 1 Artifact . | . . . Weapon 8 | 2 4 2 Energy Gun 3 | . 2 1 Energy Cannon . | . . . Ballistic Gun 5 | 2 2 1 Ballistic Cannon . | . . . Launcher . | . . . Special Weapon . | . . . Impact Weapon . | . . . Slashing Weapon . | . . . Piercing Weapon . | . . . Special Melee Weapon . | . . . Unidentified Prototypes . | . . . Parts Lost 4 | . 4 . Power 1 | . 1 . Propulsion 1 | . 1 . Utility 1 | . 1 . Weapon 1 | . 1 . Highest Loss Streak 2 | . 2 . To Critical Strikes . | . . . Average Backups 6 | 4 6 7 Power 1 | . 1 1 Propulsion 2 | 2 2 2 Utility . | . . 1 Weapon 1 | 1 1 1 Tool/Special . | . . . Unused Backups 10 | . 2 8 Power 2 | . 1 1 Propulsion 2 | . 1 1 Utility 2 | . . 2 Weapon 4 | . . 4 Tool/Special . | . . . Average Slot Usage (%) 96 | . 95 98 Engine 13 | . 13 14 Treads 18 | . 19 15 Wheel 9 | . 8 12 Device 4 | . 6 . Storage 14 | . 14 14 Protection 7 | . 4 14 Energy Gun 11 | . 13 6 Ballistic Gun 16 | . 14 20 Peak Build Rating 17 | 6 10 17 Average Rating 9 | 3 8 13 On Entrance 4 | . 6 7 Avg Prop Armor Cover (%) . | . . . Naked Turns . | . . . Heaviest Build 21 | 11 15 21 Greatest Support 40 | 20 40 40 Greatest Overweight (x) 1 | . 1 . Average Overweight (x) . | . . . Largest Inventory Capacity 8 | 8 8 8 Average Capacity 7 | 7 8 8 Most Carried 8 | 8 8 8 Average Carried 6 | 4 6 7 Final Capacity 8 | 8 8 8 Final Carried 7 | 6 6 7 Class Distribution -------------------- 89% | Mutant 10% | Derelict-Mutant Dominant Class ---------------- Mutant | -10/Materials Mutant | -10/Subcaves Resources | -11 -10 -10 ----------- Run | Yrd Mat Sub Matter Collected 625 | 236 264 125 Remotely . | . . . Salvage Created 655 | . 516 139 Parts 43 | . 30 13 Haulers Intercepted . | . . . Recyclers Shooed . | . . . Parts Field Recycled . | . . . Retrieved Matter . | . . . Parts Self-Destructed 7 | . . 7 Prevented 1 | . . 1 Parts Restored . | . . . Kills | -11 -10 -10 ------- Run | Yrd Mat Sub Combat Hostiles Destroyed 22 | . 17 5 Guns 21 | . 17 4 AOE 1 | . . 1 Classes Destroyed 3 | . 2 1 Swarmer 9 | . 6 3 Grunt 11 | . 11 . Subdweller 2 | . . 2 Best Kill Streak 4 | . 4 3 Combat Bots Only 4 | . 4 3 Max Kills in Single Turn 2 | . 2 1 Gunslinging 1 | . 1 . Exploded 1 | . . 1 Melee . | . . . Uniques/NPCs Destroyed . | . . . Combat | -11 -10 -10 -------- Run | Yrd Mat Sub Hostile Shots Fired 129 | . 117 12 Missed 29 | . 26 3 Hits 100 | . 91 9 Projectile 100 | . 91 9 Critical Strikes 1 | . . 1 Damage Taken 1180 | . 940 240 Core 262 | . 145 117 Absorbed by Shields . | . . . Core Remaining (%) 100 | 100 . . Volleys Fired 71 | . 61 10 Largest 2 | . 2 2 Hottest 105 | . 105 80 Shots Fired 143 | . 122 21 Gun 143 | . 122 21 Cannon . | . . . Launcher . | . . . Special . | . . . Kinetic 83 | . 66 17 Thermal 56 | . 56 . Explosive . | . . . Electromagnetic 4 | . . 4 Robot Hit Streak 13 | . 13 11 Robot Miss Streak 5 | . 5 2 Penetration Max . | . . . Secondary Targets 3 | . 2 1 Max Gunslinging Chain 1 | . 1 1 Shots Hit Robots 95 | . 81 14 Core Hits 37 | . 30 7 Critical Kills . | . . . Critical Parts Destroyed 1 | . 1 . Critical Strikes 2 | . 2 . Burn 1 | . 1 . Destroy 1 | . 1 . Melee Attacks . | . . . Impact . | . . . Slashing . | . . . Piercing . | . . . Sneak Attacks . | . . . Combat Hostiles . | . . . Follow-up Attacks . | . . . Damage Inflicted 1099 | . 906 193 Guns 1050 | . 900 150 Cannons . | . . . Explosions 43 | . . 43 Melee . | . . . Ramming 6 | . 6 . Kinetic 536 | . 426 110 Thermal 517 | . 474 43 Explosive . | . . . Electromagnetic 40 | . . 40 Impact . | . . . Slashing . | . . . Piercing . | . . . Highest Corruption 2 | . 2 2 Average Corruption 1 | . 1 2 Corruption Purged . | . . . Corruption Blocked . | . . . Effects 12 | . . 12 Message Errors 3 | . . 3 Matter Fused 5 | . . 5 Heat Flow Errors 1 | . . 1 Energy Discharges 1 | . . 1 Data Loss (minor) 1 | . . 1 Misfires 1 | . . 1 Overload Shots . | . . . Overflow Damage . | . . . Projectiles . | . . . Explosions . | . . . Melee . | . . . Knockbacks . | . . . Impact . | . . . Kinetic . | . . . Secondary . | . . . Self-Inflicted Damage 21 | . 2 19 Shots 1 | . . 1 Rammed 6 | . 6 . Targets Rammed 6 | . 6 . Kicked . | . . . Crushed . | . . . Highest Temperature 321 | . 321 243 Average Temperature 76 | . 73 121 Received Heat Transfer 396 | . 369 27 Effects 3 | . 3 . Interference 2 | . 2 . Matter Decay 1 | . 1 . Siege Activations . | . . . Martial Activations . | . . . Shielding Activations . | . . . Robots Disrupted . | . . . Combat Hostiles . | . . . Robots Corrupted . | . . . Combat Hostiles . | . . . Parts Fried . | . . . Impact Corruptions . | . . . Robots Melted . | . . . Combat Hostiles . | . . . Parts Melted 3 | . 3 . Heat Transferred 1220 | . 1170 50 Parts Sabotaged . | . . . Parts Stolen . | . . . Parts Stripped . | . . . Power Chain Reactions 1 | . . 1 Alert | -11 -10 -10 ------- Run | Yrd Mat Sub Maximum Alert Level . | . . . Low Security (%) 100 | 100 100 . Level 1 . | . . . Level 2 . | . . . Level 3 . | . . . Level 4 . | . . . Level 5 . | . . . High Security . | . . . Max Security . | . . . Peak Influence 95 | . 95 . Initial . | . . . Average 29 | . 30 . Influence Increases 507 | . 437 70 Destroy 0b10 Robot/C 400 | . 340 60 Destroy Leader 80 | . 70 10 Successful Hack 10 | . 10 . Destroy Structure 2 | . 2 . Lose Combat Pursuer 15 | . 15 . Influence Decreases 507 | . 414 93 Entered New Map 12 | . . 12 Time Decay 440 | . 359 81 Lost Part 20 | . 20 . Purge Threat 35 | . 35 . Squads Dispatched 3 | . 3 . Investigation 2 | . 2 . Extermination . | . . . Reinforcement 1 | . 1 . Assault . | . . . Garrison . | . . . Intercept . | . . . Searches Triggered . | . . . Construction Impeded . | . . . Haulers Reinforced . | . . . Active Scanning Responses . | . . . Cargo Convoy Interrupts . | . . . Stealth | -11 -10 -10 --------- Run | Yrd Mat Sub Distress Signals 2 | . 2 . Communications Jammed . | . . . Distress Signals . | . . . Times Spotted 38 | . 31 7 Peak Tracking Total 4 | . 4 3 Tactical Retreats 1 | . 1 . Traps | -11 -10 -10 ------- Run | Yrd Mat Sub Traps Triggered 5 | . 3 2 Indirectly . | . . . Trap Hack Attempts . | . . . Triggered . | . . . Disarmed . | . . . Reprogrammed . | . . . Reused . | . . . Traps Extracted . | . . . Installed . | . . . Triggered . | . . . Machines | -11 -10 -10 ---------- Run | Yrd Mat Sub Machines Disabled . | . . . Max in Single Turn . | . . . Machines Repaired . | . . . Machines Dismantled . | . . . Machines Sabotaged . | . . . Overloaded Fab Kills . | . . . Hacking | -11 -10 -10 --------- Run | Yrd Mat Sub Machines Accessed 9 | . 9 . Terminals 6 | . 6 . Fabricators . | . . . Repair Stations 1 | . 1 . Recycling Units 2 | . 2 . Scanalyzers . | . . . Garrison Access . | . . . Total Hacks 23 | . 23 . Successful 11 | . 11 . Failed 12 | . 12 . Catastrophic 2 | . 2 . Database Lockouts . | . . . Manual . | . . . Terminals 18 | . 18 . Fabricators . | . . . Repair Stations 2 | . 2 . Recycling Units 3 | . 3 . Scanalyzers . | . . . Garrison Access . | . . . Terminal Hacks 8 | . 8 . Record 2 | . 2 . Emergency Access Points 2 | . 2 . Unreport Threat 1 | . 1 . Locate Traps 2 | . 2 . Zone Layout 1 | . 1 . Fabricator Hacks . | . . . Repair Station Hacks 1 | . 1 . Refit 1 | . 1 . Recycling Unit Hacks 2 | . 2 . Retrieve Components 2 | . 2 . Scanalyzer . | . . . Garrison Access Hacks . | . . . Unauthorized Hacks . | . . . Terminals . | . . . Fabricators . | . . . Repair Stations . | . . . Recycling Units . | . . . Scanalyzers . | . . . Garrison Access . | . . . Data Cores Recovered . | . . . Used . | . . . Hacking Detections 8 | . 8 . Full Trace Events 1 | . 1 . Feedback Events . | . . . Feedback Blocked . | . . . Robot Schematics Acquired . | . . . Robots Built . | . . . Authchips . | . . . Time . | . . . Total Robot Build Rating . | . . . Part Schematics Acquired . | . . . Parts Built . | . . . Authchips . | . . . Time . | . . . Total Part Build Rating . | . . . Part Studies Acquired . | . . . Parts Repaired . | . . . Time . | . . . Parts Recycled . | . . . Recycled Matter . | . . . Retrieved Matter . | . . . Retrieved Components 6 | . 6 . Parts Scanalyzed . | . . . Part Schematics Acquired . | . . . Parts Damaged . | . . . Bothacking | -11 -10 -10 ------------ Run | Yrd Mat Sub Used RIF Installer . | . . . Robots Hacked . | . . . Non-combat . | . . . Combat . | . . . Robot Hacks Applied . | . . . Relay Couplers Released . | . . . Fabnet Peak Effective % . | . . . Robots Rewired . | . . . Allies Hacked . | . . . Hacks Repelled . | . . . Allies | -11 -10 -10 -------- Run | Yrd Mat Sub Total Allies . | . . . Largest Group . | . . . Highest-Rated Group . | . . . Highest-Rated Ally . | . . . Total Orders . | . . . Ally Attacks . | . . . Total Damage . | . . . Kills . | . . . Allies Corrupted . | . . . Allies Melted . | . . . Intel | -11 -10 -10 ------- Run | Yrd Mat Sub Active Infowar (turns) . | . . . Robot Analysis Total . | . . . Derelict Logs Recovered 2 | . . 2 Drone Launches . | . . . Drone Recoveries . | . . . Exploration | -11 -10 -10 ------------- Run | Yrd Mat Sub Turns Passed 1842 | 43 1249 550 Spaces Moved 1139 | 35 739 365 Core 10 | 10 . . Treads 600 | . 435 165 Legs . | . . . Wheels 529 | 25 304 200 Hover . | . . . Flight . | . . . Fastest Speed 50 | 50 80 110 Average Speed 127 | 71 127 132 Slowest Speed 160 | 80 160 160 Overloaded Moves . | . . . Propulsion Burnouts . | . . . Robots Hopped . | . . . Potential Cave-ins . | . . . Cave-ins Triggered . | . . . Exploration Rate (%) 40 | 3 98 21 Regions Visited 2 Branch Regions 1 Pre-discovered Areas . | . . . Known Exits Taken . | . . . Unknown Exits Taken 2 | 1 1 . Scrap Searched 8 | . . 8 Spaces Dug . | . . . Terrain Destroyed 4 | . . 4 Melee . | . . . Projectile . | . . . AOE 4 | . . 4 Terrain Rammed . | . . . Walls Destroyed . | . . . Machines Disabled . | . . . Actions | -11 -10 -10 --------- Run | Yrd Mat Sub Total 1398 | 52 932 414 Wait 111 | . 97 14 Move 1137 | 34 738 365 Hop . | . . . Pick Up 33 | 12 11 10 Fast Attach . | . . . Attach 14 | 6 6 2 Detach . | . . . Swap 10 | . 6 4 Drop 16 | . 7 9 Fire 71 | . 61 10 Melee . | . . . Ram 2 | . 2 . Kick . | . . . Crush 4 | . 4 . Escape Stasis . | . . . Rewire . | . . . Trap . | . . . Miscellaneous . | . . . Route ------- -11/Scrapyard -10/Materials (discovered 5 exits: [*Mat x3] / [*Min] / [*Sub]) -10/Subcaves (discovered 1 exit: Rec) History --------- Turn | Location | Event 18 | -11/Scrapyard | Discovered new exit (range 16) 44 | -11/Scrapyard | Entered Materials 51 | -10/Materials | Discovered new exit (range 15) 316 | -10/Materials | Build established: Mutant 491 | -10/Materials | Discovered new exit (range 4) 756 | -10/Materials | Core integrity fell below 50% 880 | -10/Materials | Discovered new exit (range 9) 1084 | -10/Materials | Discovered new exit (range 10) 1285 | -10/Materials | Discovered new exit (range 6) 1293 | -10/Materials | Entered Subcaves 1294 | -10/Subcaves | Approached by a straggling Scientist 1295 | -10/Subcaves | Shifting Twisted Machinery released Mak. Light Armor Plating 1299 | -10/Subcaves | Shifting Twisted Machinery released Shrapnel Trap 1539 | -10/Subcaves | Identified exit to Recycling 1610 | -10/Subcaves | Learned Materials security intel 1653 | -10/Subcaves | Core integrity fell below 20% 1772 | -10/Subcaves | A swath of the cavern ceiling suddenly collapsed 1843 | -10/Subcaves | A Subdweller sparked back to life 1843 | -10/Subcaves | A Subdweller sparked back to life 1843 | -10/Subcaves | A Subdweller sparked back to life 1843 | -10/Subcaves | Destroyed by D4-OSA(R) with Subdweller Beam Cannon Last Messages --------------- EY-L0J(c): "I think it's somewhere west of here" 01721_ Acquired 1 matter. 01726_ System corrupted: Heat flow error (+278). 01726_ Triggered Shrapnel Trap. 01726_ An expanding cloud of shrapnel blasts out in all directions. 01745_ System corrupted: Matter fused (-10). EY-L0J(c): "I think it's somewhere northwest of here" A swath of the cavern ceiling suddenly collapses. EY-L0J(c): "I think it's somewhere north of here" 01841_ G/YK 8IN&J7SJ%T93JKT,G:0NT|V0SK 01843_ 0W-8FB(R) creaks and sparks as it begins to move. 01843_ 7Y-R1G(R) creaks and sparks as it begins to move. 01843_ D4-OSA(R) creaks and sparks as it begins to move. Map ----- +----------------------------------------------------+ | ?????????????????????# ###" #????????????? | | ??????????????????????# ## % ^ #????????????? | | ??????????????????????# #????????????? | | ??????????????????????##" #????????????? | | ?????????????????????###" " #????????????? | | ????????????????????## #" "# ##????????????? | | ????????????????????# ""# ####?????????????? | | ??????????????####### ""## #????????????????? | | ?????????????## # # "####? ????????????????? | | ?????????????# ## ## ##???????????????? | | ???????????### #???????????????? | | ??????????## # # # ## ??????????????? | | ??????????# #?### ???????????????? | | ??????????# ##?## #???????????????? | | ??????????## # # ### #???????????????? | | ??????????## ##### #???????????????? | | ??????????# ##????# #???????????????? | | ??????????## #????## R## #???????????????? | | ??????????## #####?# #& < #????????????????? | | ??????????# ## ### <